AoeStats
← Obelix

Hideout

509546683Analyzed
1v1 RM · 6d ago on Sep 27, 2026· 46m 19s· 2 players
Game mode
Random Map
Map size
Tiny (2 player)
Population
200
Speed
Normal
Resources
Standard
Victory
Conquest
Starting age
Dark Age
Ending age
Imperial Age
RankedLock teamsTeams togetherTeam positionsShared explorationLock speedFull tech treeHidden civsTurbo modeCheats
Victory
Defeat
🇮🇩 Slavs · Indonesia
678
+16
🇦🇺 Wei · Australia
669
-24
Obelix
3:00 Loom
11:02 Feudal Age
14:10 Bloodlines
21:17 Castle Age
20:27 Bloodlines
20:51 Forging
20:48 Scale Barding Armor
20:42 Double-Bit Axe
21:24 Scale Mail Armor
22:13 Pikeman
23:30 Husbandry
24:18 Squires
27:22 Stone Mining
29:22 Iron Casting
29:19 Gold Mining
29:41 Elite Skirmisher
30:17 Fletching
32:13 Murder Holes
33:09 Bodkin Arrow
33:15 Padded Archer Armor
38:57 Imperial Age
39:09 Squires
39:36 Chain Barding Armor
40:04 Ballistics
39:56 Fortified Wall
40:20 Conscription
41:40 Ming Guang Armor
43:20 Wheelbarrow
42:32 Town Watch
45:05 Treadmill Crane
46:27 Chemistry
MrIkanLelelelele
6:07 Loom
9:23 Feudal Age
10:16 Double-Bit Axe
13:51 Horse Collar
19:10 Castle Age
16:55 Man-at-Arms
18:35 Bloodlines
19:15 Gold Mining
19:32 Light Cavalry
20:47 Fletching
23:19 Gold Shaft Mining
23:02 Husbandry
24:43 Bow Saw
26:51 Sanctity
27:36 Heavy Plow
27:45 Bodkin Arrow
28:01 Forging
30:19 Wheelbarrow
32:43 Imperial Age
32:54 Imperial Age
30:31 Crossbowman
31:28 Redemption
33:31 Iron Casting
33:02 Scale Barding Armor
34:33 Hand Cart
34:47 Conscription
34:50 Ballistics
34:53 Detinets
34:31 Hussar
38:31 Chemistry
37:37 Siege Engineers
36:55 Long Swordsman
37:28 Pikeman
40:06 Crop Rotation
39:32 Cavalier
39:37 Elite Skirmisher
41:19 Blast Furnace
40:40 Chain Barding Armor
42:06 Two-Man Saw
41:03 Stone Mining
42:02 Masonry
41:46 Onager
43:36 Block Printing
43:24 Atonement
44:20 Illumination
44:03 Devotion
44:04 Halberdier
44:45 Squires
45:19 Heavy Scorpion
Connection lost

Rejoining the realm…

Still unreachable

The connection could not be restored.

Session expired

The server has moved on; the page needs a fresh start.